[Event "*** Titled Tuesday Blitz"]
[Site "Chess.com"]
[Date "2020.03.03"]
[Round "6"]
[White "Bad4life"]
[Black "chessdjw"]
[Result "1-0"]
[WhiteElo "2304"]
[BlackElo "2615"]
[TimeControl "180+1"]
[EndTime "14:03:09 PST"]
[Termination "Bad4life won on time"]

1. e4 e5 2. Nf3 Nc6 3. Bc4 Bc5 4. O-O d6 5. d3 Nge7 6. c3 Ng6 7. b4 Bb6 8. Bg5 Qd7 9. a4 h6 10. Be3 O-O 11.
Ra2 Nd8 12. d4 a5 13. b5 Ne6 14. g3 Qe7 15. dxe5 dxe5 16. Bxb6 cxb6 17. Rd2 Nc5 18.
Qc2 Bg4 19. Ne1 Rad8 20. Bd5 Qg5 21. f3 Bh3 22. Ng2 h5 23. f4 exf4 24. gxf4 Qh6 25.
Rdf2 Rfe8 26. Nd2 Re7 27. c4 Kh8 28. Kh1 f6 29. Nb1 Rde8 30. Nc3 Nf8 31. Rg1 Nfe6 32. Nh4 g5 33. fxg5 fxg5 34. Nf5 Bxf5 35. exf5 Nf4 36. Qd2 Re3 37. Qd4+ Kh7 38. Nd1 Nh3 39. Rgf1 Nxf2+ 40. Nxf2 Qg7 41. f6 Qg6 42. Rg1 Re1 43.
f7 Rxg1+ 44. Kxg1 1-0

[Event "*** Titled Tuesday Blitz"]
[Site "Chess.com"]
[Date "2020.03.03"]
[Round "6"]
[White "Gogolev_Artemy"]
[Black "Playgood28"]
[Result "1-0"]
[WhiteElo "2454"]
[BlackElo "2242"]
[TimeControl "180+1"]
[EndTime "14:03:12 PST"]
[Termination "Gogolev_Artemy won by resignation"]

1. c4 f5 2. d3 g6 3. e4 d6 4. exf5 Bxf5 5. Nf3 Bg7 6. d4 Nc6 7. Nc3 Nf6 8. d5 Ne5 9. Nxe5 dxe5 10. Be2 O-O 11.
O-O a6 12. c5 b6 13. Be3 Nd7 14. c6 Nf6 15. Qb3 Kh8 16. Rad1 Ne8 17. Rfe1 Nd6 18.
Bg5 Qe8 19. Bf3 h6 20. Bh4 Qf7 21. Bg3 Kh7 22. Rd2 h5 23. Bxe5 Bh6 24. Rde2 Rae8 25.
Qd1 h4 26. Qd4 h3 27. Qh4 hxg2 28. Bf4 g5 29. Bxg5 Qg6 30. Rxe7+ Rxe7 31. Rxe7+ Rf7 32.
Bxh6 Qxh6 33. Qxh6+ Kxh6 34. Rxf7 Nxf7 35. Kxg2 Nd6 36. Kg3 Kg5 37. h4+ Kf6 38. Kf4 Bc2 39. Ne4+ Bxe4 40. Bxe4 Nc4 41. h5 Nxb2 42. h6 Nc4 43. h7 Kg7 44. f3 a5 45. Bd3 Nd6 46. Ke5 b5 47. Ke6 Nc4 48. Kd7 Ne5+ 49. Kxc7 Nxd3 50.
d6 Nc5 51. d7 Kxh7 52. Kd6 1-0

[Event "*** Titled Tuesday Blitz"]
[Site "Chess.com"]
[Date "2020.03.03"]
[Round "6"]
[White "NTBT_DHS"]
[Black "black_pawn_16"]
[Result "0-1"]
[WhiteElo "2673"]
[BlackElo "2223"]
[TimeControl "180+1"]
[EndTime "14:03:13 PST"]
[Termination "black_pawn_16 won by resignation"]

1. e4 c5 2. Nf3 d6 3. d4 cxd4 4. Nxd4 Nf6 5. Nc3 a6 6. Bg5 e6 7. f4 Qb6 8. Qd2 Nc6 9. O-O-O Nxd4 10. Qxd4 Qxd4 11. Rxd4 h6 12. Bh4 Be7 13. e5 dxe5 14.
fxe5 Nd7 15. Bg3 Bc5 16. Rd3 b5 17. Be2 Bb7 18. Rhd1 Nb6 19. Bf3 Bxf3 20. gxf3 O-O 21. Ne4 Be7 22. f4 Nd5 23. c3 Rfd8 24. a3 Rac8 25. Kc2 b4 26. f5 bxa3 27. bxa3 Bxa3 28. Kb3 Bf8 29. Nd6 Rc5 30. c4 Rb8+ 31. Kc2 Nb4+ 32. Kc3 Nxd3 33. Rxd3 Rb1 34. Kd4 Rc6 35. fxe6 fxe6 36.
c5 Rc1 37. Rb3 R6xc5 38. Rb8 Rd5+ 39. Ke4 a5 40. Ra8 Ra1 41. Kf3 a4 42. Bh4 g5 43.
Bg3 a3 44. Kg4 Kg7 45. Kh5 Bxd6 46. Ra7+ Bc7 47. Rxc7+ Kf8 48. Kg6 Rd2 49. Kf6 Rf1+ 50. Kxe6 a2 51. Rc8+ Kg7 52. Rc7+ Kg6 53. Ra7 a1=Q 0-1

[Event "*** Titled Tuesday Blitz"]
[Site "Chess.com"]
[Date "2020.03.03"]
[Round "6"]
[White "ChessicallyInclined"]
[Black "ajian"]
[Result "1-0"]
[WhiteElo "2491"]
[BlackElo "2313"]
[TimeControl "180+1"]
[EndTime "14:03:14 PST"]
[Termination "ChessicallyInclined won by resignation"]

1. d4 Nf6 2. c4 c6 3. Nf3 d5 4. e3 Bf5 5. Nc3 e6 6. Nh4 Bg4 7. Qb3 Qc7 8. h3 Bh5 9. g4 Bg6 10. Nxg6 hxg6 11. Bg2 Nbd7 12. cxd5 exd5 13. Bd2 Nb6 14.
O-O-O Be7 15. Kb1 O-O 16. g5 Nh5 17. h4 Nc4 18. Bc1 a5 19. Qc2 a4 20. Nxd5 cxd5 21. Bxd5 Rac8 22. Qxg6 Qb6 23. Qxb6 Nxb6 24. Bxb7 Rb8 25.
Bf3 g6 26. Rd3 Nc4 27. b3 axb3 28. Rxb3 Ng7 29. Be2 Nd6 30. Bd3 Ndf5 31. h5 gxh5 32. Bxf5 Nxf5 33. Rxh5 Kg7 34. Bb2 Rxb3 35. axb3 Kg6 36.
Rh1 Bxg5 37. Rg1 Kh6 38. f4 Bf6 39. e4 Nxd4 40. e5 Bxe5 41. fxe5 Nf5 42. Bc1+ Kh7 43. Rg5 Nh6 44. Rh5 Kg7 45. Bxh6+ Kg6 46. Bxf8 Kxh5 47.
Be7 Kg6 48. Bf6 Kf5 49. b4 Ke6 50. Kc2 1-0

[Event "*** Titled Tuesday Blitz"]
[Site "Chess.com"]
[Date "2020.03.03"]
[Round "6"]
[White "temus_galaktionov"]
[Black "Zq1"]
[Result "1-0"]
[WhiteElo "2748"]
[BlackElo "2569"]
[TimeControl "180+1"]
[EndTime "14:03:18 PST"]
[Termination "temus_galaktionov won on time"]

1. d4 d5 2. Nf3 Nf6 3. c4 e6 4. Nc3 Be7 5. Bf4 O-O 6. e3 b6 7.
Bd3 c5 8. cxd5 exd5 9. O-O Bb7 10. Ne5 c4 11. Bc2 a6 12. Qf3 b5 13. a3 g6 14. Bh6 Re8 15. Qg3 Nh5 16. Qh3 Nc6 17. f4 Nf6 18. Rf2 b4 19. axb4 Nxb4 20. Ba4 Nd3 21. Nxd3 cxd3 22. Bxe8 Qxe8 23. Bg5 Ne4 24. Nxe4 dxe4 25. Bxe7 Qxe7 26. f5 Bc8 27. Qg3 Kh8 28. f6 Qe8 29. Rc1 Be6 30. Qg5 Rc8 31.
Rxc8 Qxc8 32. Qc5 Qb8 33. Qe5 Qxe5 34. dxe5 Kg8 35. Kf1 Kf8 36. Ke1 Ke8 37. Kd2 Kd7 38.
Rf1 Kc6 39. Rc1+ Kd5 40. Ra1 Kxe5 41. Rxa6 Kxf6 42. b4 Ke5 43. b5 Kd5 44. Rc6 Bd7 45.
Rc7 Kd6 46. b6 f5 47. g3 h5 48. h4 Be6 49. Rc3 Bd5 50. Rc7 Bc6 51. Rg7 Kc5 52.
Rxg6 Kxb6 53. Rh6 Kc5 54. Rxh5 1-0

[Event "*** Titled Tuesday Blitz"]
[Site "Chess.com"]
[Date "2020.03.03"]
[Round "6"]
[White "NeverEverForever1990"]
[Black "TST2014"]
[Result "1/2-1/2"]
[WhiteElo "2365"]
[BlackElo "2573"]
[TimeControl "180+1"]
[EndTime "14:03:19 PST"]
[Termination "Game drawn by stalemate"]

1. e4 c5 2. Nf3 Nc6 3. Bb5 g6 4. O-O Bg7 5. Re1 Nf6 6. e5 Nd5 7. Nc3 Nc7 8. Bxc6 dxc6 9. h3 Ne6 10. d3 O-O 11. a4 b6 12. Ng5 Nd4 13. Bf4 h6 14.
Nge4 Bf5 15. Ne2 Ne6 16. N4g3 Nxf4 17. Nxf4 e6 18. Nxf5 exf5 19. Qf3 Qc7 20. e6 Rae8 21. exf7+ Kxf7 22. c3 Be5 23. Ne2 Qd6 24. a5 Qd5 25. Qxd5+ cxd5 26. axb6 axb6 27. d4 Bb8 28. Kf1 Re7 29.
Nc1 Rfe8 30. Nd3 Rxe1+ 31. Rxe1 Rxe1+ 32. Kxe1 Bd6 33. Kd2 c4 34. Ne1 b5 35. g3 Ke6 36. h4 b4 37. f4 b3 38. Nf3 Kf6 39. Ne5 g5 40. hxg5+ hxg5 41. fxg5+ Kg7 42. Kc1 Kh7 43.
Kd2 Kg7 44. Kc1 Be7 45. Nf3 Kg6 46. Kd2 Bxg5+ 47. Nxg5 Kxg5 48. Ke3 Kg4 49. Kf2 f4 50. gxf4 Kxf4 51. Ke2 Ke4 52. Kd2 Kf3 53. Kc1 Ke3 54. Kb1 Kd3 55. Ka1 Kd2 56. Kb1 Kd1 57. Ka1 Kc1 1/2-1/2

[Event "*** Titled Tuesday Blitz"]
[Site "Chess.com"]
[Date "2020.03.03"]
[Round "6"]
[White "Sergey85Rodchenkov"]
[Black "Marcus_Harvey"]
[Result "0-1"]
[WhiteElo "2563"]
[BlackElo "2740"]
[TimeControl "180+1"]
[EndTime "14:03:21 PST"]
[Termination "Marcus_Harvey won by resignation"]

1. e4 e6 2. d4 d5 3. Nc3 Nf6 4. e5 Nfd7 5. f4 c5 6. Nf3 Nc6 7. Be3 a6 8. Be2 Qb6 9. a3 Qa7 10. Qd2 b5 11. Rd1 b4 12. axb4 cxb4 13. Na4 a5 14.
O-O Ba6 15. b3 Bxe2 16. Qxe2 Qa6 17. Qf2 Be7 18. Qg3 g6 19. Ng5 Qb5 20. Qh3 h6 21.
Rf2 Nf8 22. Nf3 Nd7 23. Ne1 Nb6 24. Ra1 Nxa4 25. Rxa4 Nb8 26. g4 Nd7 27. f5 gxf5 28. gxf5 Rg8+ 29. Kh1 exf5 30. Qxf5 O-O-O 31. Nd3 Rg6 32. Qxf7 Rdg8 33. h3 Bh4 34. Rf3 Qc6 35. e6 Nb6 36.
Rxa5 Qxe6 37. Qxe6+ Rxe6 38. Ne5 Rf6 39. Rxf6 Bxf6 40. Rc5+ Kb7 41. Bf4 Rf8 42. Bg3 Ra8 43. Ng4 Ra1+ 44. Kg2 Bxd4 45. Rc7+ Ka6 46. Rc6 Kb5 47.
Rd6 Bc5 48. Rd8 Rc1 49. Ne5 Rxc2+ 50. Kf3 Bd4 51. Nd3 Rc3 52. Ke2 Rxb3 53. Rb8 Kc6 54. Ne5+ Kc7 55. Nc4+ Kd7 56. Nxb6+ Bxb6 57. Rxb6 Rxg3 58.
Rxb4 Rxh3 59. Rd4 Ke6 60. Kf2 Ke5 61. Kg2 Kxd4 0-1

[Event "*** Titled Tuesday Blitz"]
[Site "Chess.com"]
[Date "2020.03.03"]
[Round "6"]
[White "AntonSmirnov"]
[Black "IMTominho"]
[Result "0-1"]
[WhiteElo "2931"]
[BlackElo "2852"]
[TimeControl "180+1"]
[EndTime "14:03:26 PST"]
[Termination "IMTominho won on time"]

1. e4 e5 2. Nf3 Nf6 3. Nxe5 d6 4. Nf3 Nxe4 5. Nc3 Nxc3 6. dxc3 Be7 7. Bf4 O-O 8. Qd2 Nd7 9. O-O-O Nc5 10. Bc4 Be6 11. Bxe6 Nxe6 12. Rhe1 Re8 13. Kb1 a5 14. a3 b5 15. Nd4 Nxd4 16. Qxd4 Qd7 17. Qd3 Bf6 18. Rxe8+ Rxe8 19. Be3 Rb8 20. Bd4 Bxd4 21. Qxd4 Re8 22. Qd3 h6 23. b3 a4 24. b4 Qc6 25. f3 Re5 26. Kb2 h5 27. Rd2 Qe8 28. c4 Re3 29. Qd4 bxc4 30. Qxc4 Qe5+ 31. Qd4 Qg5 32. h4 Qe7 33. b5 Qe5 34. Qxe5 Rxe5 35. c4 Re3 36.
Ka2 Rc3 37. b6 cxb6 38. Rxd6 Rxc4 39. Rxb6 Rxh4 40. Rb4 g5 41. Rxh4 gxh4 42. Kb2 Kg7 43.
Kc3 Kf6 44. Kb4 Kf5 45. Kxa4 Kf4 46. Kb4 Kg3 47. a4 Kxg2 48. a5 h3 49. a6 h2 50.
a7 h1=Q 51. a8=Q Qe1+ 52. Kc5 Qe3+ 53. Kd6 Qxf3 54. Qg8+ Kf1 55. Qg5 f6 56. Qc1+ Kg2 57. Qc2+ Kg3 58. Qg6+ Kh3 59. Qf7 h4 60. Qa2 Kg3 61.
Ke6 h3 62. Qc2 h2 63. Qc7+ Qf4 64. Qc3+ Kg4 65. Qa1 Qe4+ 66. Kf7 h1=Q 0-1

[Event "*** Titled Tuesday Blitz"]
[Site "Chess.com"]
[Date "2020.03.03"]
[Round "6"]
[White "CrushingKings"]
[Black "Manukyan_Artak"]
[Result "1-0"]
[WhiteElo "2226"]
[BlackElo "2420"]
[TimeControl "180+1"]
[EndTime "14:03:26 PST"]
[Termination "CrushingKings won on time"]

1. e4 c6 2. Nf3 d5 3. Nc3 Bg4 4. h3 Bxf3 5. Qxf3 Nf6 6. Be2 e5 7. d3 Bb4 8. Bd2 d4 9. Nb1 Bxd2+ 10. Nxd2 O-O 11. Qg3 Nfd7 12. O-O f6 13. f4 b5 14. a4 bxa4 15. Rxa4 Nb6 16. Ra3 N8d7 17. Rfa1 Qc7 18. Bg4 exf4 19. Be6+ Kh8 20. Qf2 c5 21.
Rf1 g5 22. Nf3 Ne5 23. Nh2 Qd6 24. Bf5 c4 25. Nf3 cxd3 26. cxd3 Nxf3+ 27. Qxf3 Rf7 28. h4 Rb8 29. Rfa1 Rbb7 30. Qh5 Rg7 31. Kf2 Qe7 32.
Rc1 Qf7 33. Qh6 Rg8 34. Rc6 Qg7 35. Rxf6 Qxh6 36. Rxh6 gxh4 37. Rxh4 Nc8 38. b3 Rbg7 39. Rh2 Nd6 40. Be6 Rb8 41. Ra5 Nb5 42. Bc4 Nc3 43. Rah5 Rbb7 44. e5 Rbe7 45. Rf5 Nd1+ 46. Ke2 Nc3+ 47.
Kf3 Rg3+ 48. Kxf4 Ne2+ 49. Ke4 Re3+ 50. Kd5 Ng3 51. Rg5 Rg7 52. Rxg7 Kxg7 53. e6 Nf5 54. Kc6 Kf6 55. Rxh7 Re2 56. Rf7+ Kg5 57. Kd7 Nh6 58.
e7 Nxf7 59. Bxf7 1-0

[Event "*** Titled Tuesday Blitz"]
[Site "Chess.com"]
[Date "2020.03.03"]
[Round "6"]
[White "ama18"]
[Black "Martins-BR"]
[Result "1-0"]
[WhiteElo "2518"]
[BlackElo "2328"]
[TimeControl "180+1"]
[EndTime "14:03:28 PST"]
[Termination "ama18 won on time"]

1. e4 e6 2. d4 d5 3. Nc3 Bb4 4. Qd3 dxe4 5. Qxe4 Nf6 6. Qh4 c5 7. dxc5 Bxc3+ 8. bxc3 Nc6 9. Bg5 h6 10. Bxf6 Qxf6 11.
Qxf6 gxf6 12. Nf3 Bd7 13. Nd4 Ne7 14. Rb1 O-O-O 15. c4 a6 16. Bd3 f5 17. O-O Kc7 18. Rfe1 Ng6 19. g3 h5 20. Nf3 h4 21. Ne5 Nxe5 22.
Rxe5 Bc6 23. Rbe1 hxg3 24. fxg3 Rdg8 25. Rf1 Rg4 26. Be2 Rd4 27. Bd3 Rg8 28. Kf2 f4 29.
gxf4 Rxf4+ 30. Ke1 Rxf1+ 31. Kxf1 Rg2 32. h4 Rh2 33. Rh5 Kd7 34. Rh7 Ke8 35. h5 Kf8 36. h6 Kg8 37. Rg7+ Kf8 38. Rh7 Kg8 39.
Kg1 Rh1+ 40. Kf2 Rh3 41. a3 e5 42. Rg7+ Kf8 43. Rg5 e4 44. Be2 Rxh6 45. Ke3 Rh3+ 46. Kd4 Rxa3 47. Bg4 Ke7 48. Re5+ Kf6 49. Bf5 Ra1 50.
Bxe4 Rd1+ 51. Bd3 a5 52. Rf5+ Kg7 53. Rg5+ Kf8 54. Rh5 a4 55. Rh8+ Ke7 56. Ra8 f5 57. Ke3 Kf6 58. Rf8+ Kg7 59. Ra8 1-0

[Event "*** Titled Tuesday Blitz"]
[Site "Chess.com"]
[Date "2020.03.03"]
[Round "6"]
[White "Fuerza777"]
[Black "floplover"]
[Result "1-0"]
[WhiteElo "2212"]
[BlackElo "2329"]
[TimeControl "180+1"]
[EndTime "14:03:29 PST"]
[Termination "Fuerza777 won on time"]

1. d4 Nf6 2. c4 e6 3. g3 d5 4. Nf3 Be7 5. Bg2 O-O 6. O-O dxc4 7.
Qc2 b5 8. a4 b4 9. Nfd2 c6 10.
Nxc4 Ba6 11. Rd1 Nd5 12. e4 Nb6 13. Ne5 Qc8 14. Be3 N8d7 15. a5 Nxe5 16. axb6 Nc4 17. b7 Qxb7 18. Bc1 Rfd8 19. Bf1 b3 20. Qc3 Bb4 21.
Qxb3 Na5 22. Bxa6 Nxb3 23. Bxb7 Nxa1 24. Bxa8 Rxa8 25. Nc3 Nb3 26. Bf4 Rd8 27. Kf1 Rxd4 28. Rxd4 Nxd4 29. Be3 Bxc3 30. bxc3 Nb5 31. c4 Nd6 32.
Bxa7 Nxe4 33. Ke2 Kf8 34. f3 Nd6 35. Bc5 Ke7 36. Kd3 Kd7 37. Bd4 f6 38. f4 h5 39. Bf2 Nf5 40. h3 Kd6 41. g4 hxg4 42. hxg4 Nh6 43. g5 Nf5 44. Ke4 Kc7 45. gxf6 gxf6 46.
Bc5 Kb7 47. Bf8 Ka6 48. Bc5 Ka5 49. Kf3 Ka4 50. Bf8 Kb3 51. c5 Kc4 52. Ke4 Ng3+ 53.
Kf3 Nf5 54. Ke4 Nd4 55. Bg7 Kxc5 56. Bxf6 Ne2 57. Ke5 Kb4 58. Bg5 c5 59. Kxe6 c4 60.
f5 Nd4+ 61. Ke5 Nf3+ 62. Kf4 Nxg5 63. Kxg5 c3 64. f6 c2 65. Kg6 c1=Q 66. f7 Qc8 67. Kg7 Qf8+ 68. Kxf8 1-0

[Event "*** Titled Tuesday Blitz"]
[Site "Chess.com"]
[Date "2020.03.03"]
[Round "6"]
[White "VladimirBelous"]
[Black "champ2005"]
[Result "1-0"]
[WhiteElo "2799"]
[BlackElo "2959"]
[TimeControl "180+1"]
[EndTime "14:03:33 PST"]
[Termination "VladimirBelous won on time"]

1. c4 f5 2. g3 Nf6 3. Bg2 g6 4. Nc3 Bg7 5. Nf3 O-O 6. O-O d6 7. d3 e5 8. Bg5 Nbd7 9. b4 h6 10. Bd2 g5 11. Rc1 Rf7 12. Nd5 c6 13. Nxf6+ Nxf6 14. b5 c5 15. a4 Be6 16. a5 Rb8 17.
Bc3 Nd7 18. e3 f4 19. Nd2 Qe7 20. exf4 gxf4 21. Ne4 Rbf8 22. Re1 f3 23. Bf1 Bg4 24. h3 Bh5 25. Re3 Qe6 26. Kh2 Kh8 27. Qd2 Bg6 28.
Rce1 Nf6 29. Nxf6 Qxf6 30. h4 h5 31. Bh3 Bh6 32. Qd1 Kh7 33. Qc2 Bxe3 34. Rxe3 Qg7 35.
Qb2 Bf5 36. Bf1 Bg6 37. Re1 Bf5 38. Qd2 Qh6 39. Qb2 Qg6 40. Qc2 Be6 41. Bd2 Rg8 42. Re3 Rf4 43. Re4 Rf5 44. Be3 Rf7 45. Bc1 Bf5 46. Re1 Be6 47. Qd2 Rf4 48. Re4 Rxe4 49. dxe4 Bg4 50. Qd5 Rg7 51. a6 b6 52. Bg5 Qe6 53. Qa8 Rf7 54. Bd3 Qg6 55. Qd5 Be6 56.
Qc6 Bd7 57. Qd5 Be6 58. Qxd6 Rd7 59. Qxe5 Rxd3 60. Qb8 Rd7 61. Bf4 Bxc4 62. Be5 Rg7 63. Qb7 1-0

[Event "*** Titled Tuesday Blitz"]
[Site "Chess.com"]
[Date "2020.03.03"]
[Round "6"]
[White "stoleriu"]
[Black "Megagigahiper3345"]
[Result "0-1"]
[WhiteElo "2468"]
[BlackElo "2138"]
[TimeControl "180+1"]
[EndTime "14:03:40 PST"]
[Termination "Megagigahiper3345 won by checkmate"]

1. e4 c5 2. Nc3 a6 3. Nf3 e6 4. d4 cxd4 5. Nxd4 Qc7 6. Bd3 Bc5 7. Nb3 Ba7 8. O-O Nf6 9. Bg5 h5 10. Bxf6 gxf6 11. a4 Nc6 12. h3 Rg8 13. Kh1 h4 14. Qh5 Ke7 15. Rae1 Qf4 16. Ne2 Qg5 17. Qxg5 fxg5 18.
f3 Rb8 19. Nc3 d6 20. Nd2 Bd7 21. Rd1 Ne5 22. Rfe1 Bf2 23. Re2 Nxd3 24. cxd3 Ba7 25. Nb3 Rgc8 26. Rc1 b5 27. axb5 axb5 28. Rec2 Be3 29.
Re1 Bb6 30. Rec1 b4 31. Ne2 Rxc2 32. Rxc2 Ba4 33. Nec1 Be3 34. Rc7+ Kf6 35. d4 Bf4 36. Ra7 Bb5 37. Ra5 Bc4 38. Ra4 Be3 39. Kh2 Bf4+ 40.
Kg1 Be3+ 41. Kh1 Rb7 42. Na5 Rc7 43. Nxc4 Rxc4 44. Nd3 Rxd4 45. Nxb4 Rd1+ 46. Kh2 Bg1+ 47. Kh1 Bc5+ 48. Kh2 Rd4 49. Ra2 Rxb4 50. g3 hxg3+ 51. Kxg3 Ke5 52. Kg4 f6 53. h4 gxh4 54. Kxh4 f5 55. Kg3 f4+ 56. Kg4 Bd4 57. Ra5+ d5 58. exd5 exd5 59. Ra8 Bxb2 60. Re8+ Kd4 61. Kxf4 Bc1+ 62.
Kg4 Rb7 63. Rc8 Be3 64. Kf5 Kd3 65. Ke5 d4 66. f4 Ke2 67. f5 d3 68. f6 d2 69. Rc2 Kd3 70. Rxd2+ Bxd2 71. Ke6 Bb4 72. f7 Rb8 73. Kf6 Rf8 74. Kg7 Kc3 75. Kg6 Kd4 76. Kg7 Ke5 77. Kg6 Ke6 78. Kg7 Rxf7+ 79. Kh8 Bc3+ 80. Kg8 Rg7+ 81. Kh8 Rg1+ 82. Kh7 Be1 83. Kh8 Kf7 84. Kh7 Rh1# 0-1

[Event "*** Titled Tuesday Blitz"]
[Site "Chess.com"]
[Date "2020.03.03"]
[Round "6"]
[White "VerdeNotte"]
[Black "Barcelona_Guy"]
[Result "0-1"]
[WhiteElo "2740"]
[BlackElo "2596"]
[TimeControl "180+1"]
[EndTime "14:03:46 PST"]
[Termination "Barcelona_Guy won by resignation"]

1. g3 d5 2. d4 Nf6 3. Bg2 Bf5 4. c4 e6 5. Nc3 h6 6. Qb3 Nc6 7. cxd5 exd5 8. Nf3 Nb4 9. O-O Bc2 10. Qa3 Nc6 11. b4 Bxb4 12. Qb2 Bh7 13. Ne5 Rb8 14. Nb5 O-O 15. Nxa7 Qd6 16. Nb5 Qe7 17. Bf4 Ba5 18.
Qc1 Nxe5 19. dxe5 Ne4 20. Rd1 c6 21. Nd6 Nxd6 22. exd6 Qxe2 23. d7 Ra8 24. Qc5 Qe6 25. a4 Qxd7 26. Ra3 Rfe8 27. h4 Qf5 28. Rf3 Qc2 29.
Qd4 Bb6 30. Qd2 Qxd2 31. Rxd2 Rxa4 32. Rb3 Ba5 33. Rdb2 b5 34. Bh3 Ra1+ 35. Kh2 Rd8 36.
g4 d4 37. g5 hxg5 38. Bxg5 Bc7+ 39. Kg2 f6 40. Be6+ Kh8 41. Bd2 Bg8 42. Bxg8 Kxg8 43. Bb4 d3 44. Rd2 Ra4 45. Bc5 Rxh4 46. Rbxd3 Rxd3 47. Rxd3 Rc4 48. Be3 Be5 49. Rd7 b4 50. Rb7 c5 51. Kf3 Rc3 52. Ke4 b3 53. Kf5 Kh7 54. Ke6 b2 55. Kf7 Rc1 56. f4 b1=Q 57. Rxb1 Rxb1 58.
fxe5 fxe5 59. Bxc5 e4 60. Ke6 e3 61. Bd4 e2 62. Bc3 e1=Q+ 63. Bxe1 Rxe1+ 64. Kf5 Rg1 65.
Kf4 Rg6 66. Kf3 Kh6 67. Kf2 Kh5 68. Kf3 Kh4 0-1

[Event "*** Titled Tuesday Blitz"]
[Site "Chess.com"]
[Date "2020.03.03"]
[Round "6"]
[White "vpantev"]
[Black "karwowskikacper"]
[Result "0-1"]
[WhiteElo "2621"]
[BlackElo "2410"]
[TimeControl "180+1"]
[EndTime "14:03:49 PST"]
[Termination "karwowskikacper won by resignation"]

1. d4 Nf6 2. Nf3 e6 3. Bf4 b6 4.
e3 Bb7 5. Bd3 Bd6 6. Bg3 Bxg3 7.
hxg3 h6 8. Nbd2 d5 9. Qe2 Nbd7 10.
c3 Ne4 11. Rh4 Ndf6 12. Ne5 Nxd2 13. Qxd2 c6 14. Qe2 Qc7 15. g4 O-O-O 16. O-O-O Rdf8 17. Kb1 Nd7 18. Nxd7 Qxd7 19. f4 Qe7 20. Rhh1 f6 21. e4 Re8 22. e5 fxe5 23. Qxe5 Qf6 24. Rde1 Qxe5 25. Rxe5 Kd8 26. Rhe1 Bc8 27. b4 Rhf8 28. g3 Rf6 29. g5 hxg5 30. Rxg5 Re7 31. Rh1 c5 32.
Kc2 c4 33. Be2 Bd7 34. Kd2 Be8 35. Re5 Bg6 36. Rh8+ Kd7 37. Ra8 Kc6 38. a4 Rf5 39. Re3 Rf6 40. Re5 Kb7 41. Rg8 Bh7 42. Rh8 Rh6 43.
Ke3 Rh3 44. Rh5 Rxh5 45. Bxh5 Bc2 46. a5 bxa5 47. bxa5 Ka6 48. Kd2 Be4 49. Rb8 Kxa5 50. Be8 a6 51. Kc1 g6 52. Kd2 Rh7 53. Ke3 Rh3 54. Kf2 Rh2+ 55. Ke3 Rg2 56. Bd7 Rxg3+ 57. Kd2 Rd3+ 58. Ke2 Bf5 59. Ra8 Rxc3 60. Bc8 Rc2+ 61. Kd1 Kb4 62. Rxa6 Rf2 63. Bxe6 Bxe6 64. Rxe6 Rxf4 65.
Rxg6 Rxd4+ 66. Kc2 Rf4 67. Rb6+ Kc5 68. Rb8 Rf2+ 69.
Kd1 Kd4 70. Rh8 Ra2 71. Rh4+ Kc3 72. Rh3+ Kb4 73. Kc1 d4 74. Rh4 Kc3 75. Rh3+ d3 76.
Kb1 Rg2 77. Rh8 Rg1+ 78. Ka2 Kc2 79. Rh4 c3 80. Rh2+ d2 81. Rg2 Rxg2 0-1

[Event "*** Titled Tuesday Blitz"]
[Site "Chess.com"]
[Date "2020.03.03"]
[Round "6"]
[White "Resignify"]
[Black "HZMC92"]
[Result "0-1"]
[WhiteElo "2207"]
[BlackElo "2374"]
[TimeControl "180+1"]
[EndTime "14:03:50 PST"]
[Termination "HZMC92 won by checkmate"]

1. Nf3 d5 2. c4 e6 3. g3 Nf6 4. Bg2 Be7 5. O-O O-O 6. d3 b6 7.
cxd5 Nxd5 8. Nc3 Bb7 9. Nxd5 Bxd5 10. Bd2 Bf6 11. Qc2 c5 12. Bc3 Nc6 13. Bxf6 Qxf6 14. Qc3 Nd4 15. Nxd4 cxd4 16. Qb4 Bxg2 17. Kxg2 Qe5 18.
Rfe1 Rfc8 19. Qd2 Rc5 20. Rec1 Rac8 21. Rxc5 Rxc5 22. Rc1 Rxc1 23. Qxc1 g6 24. Qc4 b5 25. Qb4 a6 26. a3 h5 27. h4 Qd5+ 28. Kg1 Kg7 29.
Qd2 e5 30. f3 Qb3 31. Kf2 a5 32. Qc1 b4 33. axb4 Qxb4 34. Qc2 a4 35. Qc7 Kf6 36. Qc6+ Kg7 37. Qc7 Qb5 38. Qc2 g5 39. Qc1 gxh4 40.
gxh4 f6 41. Qg1+ Kf7 42. Qc1 Kg6 43. Qg1+ Kf5 44. Qc1 Qe8 45. Qc4 Qg6 46. Qd5 Qg7 47. Qe4+ Ke6 48. Qc6+ Kf7 49. Qxa4 Qh6 50. Qd7+ Kg6 51.
Qe8+ Kg7 52. Qe7+ Kg6 53. Qe8+ Kf5 54. Qd7+ Kg6 55. Qh3 Qe3+ 56. Kf1 Qc1+ 57. Kg2 Qxb2 58. Kf2 Qc1 59. Qg2+ Kf7 60. Qf1 Qe3+ 61. Kg2 Qf4 62. Qf2 f5 63. Qg3 Qe3 64. Qf2 Qf4 65. Qg3 Qe3 66. Qf2 Qh6 67. Qg3 Kf6 68. Qf2 Qg6+ 69. Qg3 Qh6 70. Qf2 f4 71. Qg3 fxg3 72. Kxg3 Qg6+ 73.
Kh3 Kf5 74. Kh2 Kf4 75. Kh3 Qg3# 0-1

[Event "*** Titled Tuesday Blitz"]
[Site "Chess.com"]
[Date "2020.03.03"]
[Round "6"]
[White "GCamachoMartinez"]
[Black "NikolaGry"]
[Result "0-1"]
[WhiteElo "2399"]
[BlackElo "2648"]
[TimeControl "180+1"]
[EndTime "14:03:51 PST"]
[Termination "NikolaGry won on time"]

1. d4 d5 2. c4 Nc6 3. e3 Nf6 4. cxd5 Nxd5 5. Nc3 e5 6. Bb5 exd4 7. Qxd4 Nb4 8. Qxd8+ Kxd8 9. Bxc6 bxc6 10. Kd1 Nd3 11.
Ke2 Ba6 12. Kf3 Ne1+ 13. Kg3 g5 14. Ne4 f5 15. Bd2 fxe4 16. Rxe1 Bd6+ 17. f4 Rb8 18. b3 Rb5 19. Ne2 Rd5 20. Bc3 gxf4+ 21. Nxf4 Rg8+ 22. Kf2 Bxf4 23. exf4 Bd3 24. Be5 Kd7 25. g3 h5 26. Ke3 Rf8 27. Rd1 c5 28. Rhf1 a5 29.
Rf2 a4 30. h3 axb3 31. axb3 Rb8 32. Rb2 c4 33. b4 Kc6 34. Bc3 Rg8 35. Rg1 Ra8 36.
g4 Ra3 37. Rc1 hxg4 38. hxg4 Kb5 39. f5 Rb3 40. Rxb3 cxb3 41. Bb2 Bc2 42. Kf4 Kxb4 43. g5 c5 44. f6 e3 45. Kxe3 c4 46. g6 Bxg6 47. Bc3+ Kb5 48. Rg1 Rd3+ 49. Kf4 Rxc3 50. Rxg6 b2 51. Rg8 Rb3 52. Rb8+ Ka4 53. Ra8+ Kb4 54.
f7 b1=Q 55. f8=Q+ Kc3 56. Qf6+ Kc2 57. Qf5+ Kc1 58. Qxb1+ Kxb1 59. Rc8 c3 60. Ke3 c2+ 61.
Kd2 Rb2 62. Rc7 c1=Q+ 0-1

[Event "*** Titled Tuesday Blitz"]
[Site "Chess.com"]
[Date "2020.03.03"]
[Round "6"]
[White "yoolund"]
[Black "almaguerjm"]
[Result "1/2-1/2"]
[WhiteElo "2540"]
[BlackElo "2317"]
[TimeControl "180+1"]
[EndTime "14:03:52 PST"]
[Termination "Game drawn - insufficient material"]

1. d4 Nf6 2. Bg5 e6 3. e4 h6 4.
Bxf6 gxf6 5. c3 c5 6. Nf3 Qb6 7. Qd2 Nc6 8. d5 Ne5 9. Nxe5 fxe5 10. Na3 exd5 11. exd5 Qg6 12. Nb5 Bd6 13. Bd3 e4 14. Nxd6+ Qxd6 15. Bxe4 Qe5 16. O-O-O d6 17. Rhe1 Kf8 18.
Re3 Bd7 19. Rde1 Re8 20. g3 b5 21. Bc2 Qf6 22. Rxe8+ Bxe8 23. Re4 a5 24. Qe3 Bd7 25.
h4 b4 26. Rf4 Qe7 27. Re4 Qf6 28. Rf4 Qe7 29. Qxe7+ Kxe7 30. Kd2 bxc3+ 31. Kxc3 Rb8 32. a3 Rf8 33. Bd1 f5 34. Bc2 Kf6 35. Bb3 Ke5 36. Rf3 f4 37. gxf4+ Rxf4 38. Rxf4 Kxf4 39. Kd2 Kg4 40.
Ke3 Kxh4 41. Kf4 Kh3 42. Bd1 Kg2 43. Ke3 Be8 44. f4 h5 45. f5 h4 46. Kf4 h3 47.
Bf3+ Kg1 48. Kg3 h2 49. Kf4 h1=Q 50. Bxh1 Kxh1 51. Kg5 Bf7 52. Kf6 Bxd5 53. Ke7 Be4 54. Kxd6 c4 55. Kc5 Bxf5 56. Kxc4 a4 57. b4 axb3 58.
Kxb3 Be4 59. Kb2 Kg2 60. Ka1 Kf3 61. Kb2 Kf4 62. Ka1 Ke5 63. Kb2 Kd4 64. Ka1 Kc3 65. a4 Kb4 66. a5 Kxa5 1/2-1/2

[Event "*** Titled Tuesday Blitz"]
[Site "Chess.com"]
[Date "2020.03.03"]
[Round "6"]
[White "Gentlejimmy7"]
[Black "Chessalary"]
[Result "1/2-1/2"]
[WhiteElo "2692"]
[BlackElo "2301"]
[TimeControl "180+1"]
[EndTime "14:03:53 PST"]
[Termination "Game drawn - insufficient material"]

1. d4 Nf6 2. Nf3 g6 3. g3 Bg7 4. Bg2 d6 5. O-O Nbd7 6. Nc3 e5 7. e4 c5 8. dxc5 Nxc5 9. Re1 O-O 10. Bg5 h6 11. Bxf6 Qxf6 12. Nd2 Be6 13. Qe2 h5 14. Rad1 h4 15. Nc4 Bxc4 16. Qxc4 Rad8 17. Nd5 Qe6 18. Qe2 hxg3 19. hxg3 Nd7 20. Ne3 Nf6 21. Qb5 b6 22. Rd3 Qxa2 23. Ra3 Qe6 24. Rxa7 Ra8 25. Rea1 Rxa7 26. Rxa7 Bh6 27. Qxb6 Bxe3 28. Qxe3 Qc4 29. c3 Rb8 30. b4 Rc8 31. Ra3 Kg7 32. Bf3 Nd7 33. Be2 Qe6 34. Qd3 f5 35. exf5 gxf5 36. Ra6 e4 37. Qd4+ Qe5 38. Rxd6 Qxd4 39. Rxd4 Ne5 40. c4 Kf6 41. c5 Nf7 42. Kg2 Ne5 43.
Rd6+ Ke7 44. Rb6 Rd8 45. Rb7+ Ke6 46. b5 Rd2 47. Kf1 Rc2 48. c6 Rc1+ 49. Kg2 Rc2 50. c7 Nd7 51. b6 Kd6 52. Rb8 Nxb6 53. Rxb6+ Kxc7 54. Bd1 Rd2 55. Rf6 Rxd1 56. Rxf5 Kd6 57. g4 Ke6 58. Kg3 Rg1+ 59. Kf4 Rg2 60. Ke3 Rxg4 61. Rf4 Rxf4 62. Kxf4 Kd5 63. Kf5 Kd4 64. Kf4 Kd3 65. Ke5 Ke2 66. Kxe4 Kxf2 1/2-1/2